 Dungeon Crawl Stone Soup version 0.17-a0-1642-gd4b747b (webtiles) character file.

169 nubinia the Digger (level 5, -5/38 HPs)
             Began as a Draconian Earth Elementalist on Aug 8, 2015.
             Slain by Pikel
             ... wielding a +2 whip of electrocution
              (10 damage)
             ... on level 5 of the Dungeon.
             The game lasted 00:19:45 (3867 turns).

nubinia the Digger (Draconian Earth Elementalist)   Turns: 3867, Time: 00:19:45

Health: -5/38      AC:  5    Str: 10    XL:     5   Next: 25%
Magic:  0/10       EV: 11    Int: 17    God:
Gold:   140        SH:  3    Dex: 11    Spells: 4 memorised, 1 level left

rFire  . . .     SeeInvis .     a - 64 stones
rCold  . . .     Clarity  .     (armour unavailable)
rNeg   . . .     SustAt   .     r - +0 buckler
rPois  +         Gourm    .     (helmet restricted)
rElec  .         Spirit   .     (no cloak)
rCorr  .         Warding  .     (no gloves)
rMut   .         Stasis   .     (no boots)
MR     .....                    (no amulet)
Stlth  ++........               x - ring of wizardry
                                j - ring of poison resistance

@: not resistant to hostile enchantments, unstealthy
A: unfitting armour, cold-blooded, AC +5
a: no special abilities


You were on level 5 of the Dungeon.
You were not hungry.

You visited 1 branch of the dungeon, and saw 5 of its levels.

You collected 140 gold pieces.

Inventory:

Hand weapons
 b - a +0 dagger
 z - a +0 dagger
Missiles
 a - 64 stones (in hand)
 i - 48 poisoned needles
Armour
 r - a +0 buckler (worn)
Jewellery
 j - a ring of poison resistance (left hand)
 x - a ring of wizardry (right hand)
 A - an uncursed ring of see invisible
Magical devices
 u - a wand of confusion (32)
Scrolls
 d - a scroll of identify
 e - a scroll of teleportation
Potions
 g - a potion of lignification
 l - a potion of beneficial mutation
 m - a potion of cancellation
 n - a potion of degeneration
 o - a potion of ambrosia
 s - a potion of curing
 t - a potion of might {unknown}
 v - a potion of mutation {unknown}
Books
 f - a book of Geomancy

   Spells                             Type                      Level
   a - Sandblast                      Earth                        1
   b - Stoneskin                      Transmutation/Earth          2
   c - Passwall                       Transmutation/Earth          3
   d - Stone Arrow                    Conjuration/Earth            3
   e - Petrify                        Transmutation/Earth          4
   f - Lee's Rapid Deconstruction     Earth                        5
Comestibles
 c - 3 bread rations
 k - 2 slices of pizza
 p - 2 meat rations


   Skills:
 + Level 0.2 Fighting
 + Level 0.2 Short Blades
 + Level 2.1 Dodging
 + Level 2.3 Stealth
 + Level 0.2 Shields
 + Level 3.3 Spellcasting
 + Level 1.0 Transmutations
 + Level 4.5 Earth Magic


You had one spell level left.
You knew the following spells:

 Your Spells              Type           Power        Failure   Level  Hunger
a - Sandblast             Erth           ###...       2%          1    None
b - Passwall              Trmt/Erth      ##........   12%         3    ###....
c - Stone Arrow           Conj/Erth      ##....       14%         3    ###....
s - Stoneskin             Trmt/Erth      ##......     6%          2    ##.....


Dungeon Overview and Level Annotations

Branches:
Dungeon (5/15)
 Temple: D:4-7

Altars:
Dithmenos
Fedhas
Okawaru

Annotations:
D:5 Pikel


Innate Abilities, Weirdness & Mutations

Your plain brown scales are hard (AC +5).
Your body does not fit into most forms of armour.
You are cold-blooded and may be slowed by cold attacks.


Message History

Aiming: Sandblast
Press: ? - help, Shift-Dir - straight line, f/p - Pikel
Aim: Pikel, wielding a whip of electrocution and wearing a robe (moderately wounded)
The rocky blast hits Pikel.
Pikel is moderately wounded.
Pikel hits you with a whip of electrocution.
* * * LOW HITPOINT WARNING * * *
You block the slave's attack.
Unknown command.
Unknown command.
Unknown command.
Casting: Sandblast
Confirm with . or Enter, or press ? or * to list all spells.
Aiming: Sandblast
Press: ? - help, Shift-Dir - straight line, f/p - Pikel
Aim: Pikel, wielding a whip of electrocution and wearing a robe (moderately wounded)
The rocky blast hits Pikel.
Pikel is heavily wounded.
Pikel hits you but does no damage.
You are electrocuted!
You die...

#.# #.## #..# #
##..#######..
#...p...... #
#.........
#.#.<..p..# #
####.#...pK..#.##
..........@.....##
...........!......
####.........#.###
........[###.#.##
.(.......§§§.....
##.......§§§.....
.........§<....##
................$
##.#...#.###.#..#


You could see Pikel and 3 slaves.

Vanquished Creatures
  A slave (D:5)
  An orc wizard (D:3)
  Natasha (twice) (D:2)
  An adder (D:3)
  2 oozes
  2 adder skeletons
  2 worms
  2 giant geckos
  7 orcs
  2 ball pythons
  2 giant cockroaches
  6 goblins
  9 hobgoblins
  A jackal (D:3)
  3 quokkas (D:2)
  9 bats
  2 giant newts
  8 kobolds
  9 rats (D:2)
71 creatures vanquished.

Notes
Turn   | Place    | Note
--------------------------------------------------------------
     0 | D:1      | nubinia the Draconian Earth Elementalist began the quest for the Orb.
     0 | D:1      | Reached XP level 1. HP: 14/14 MP: 3/3
   255 | D:1      | Reached XP level 2. HP: 20/20 MP: 1/5
   259 | D:1      | Learned a level 2 spell: Stoneskin
   798 | D:2      | Found a shadowy altar of Dithmenos.
  1234 | D:2      | Noticed Natasha
  1245 | D:2      | Killed Natasha
  1245 | D:2      | Reached XP level 3. HP: 26/26 MP: 1/7
  1454 | D:2      | Learned a level 3 spell: Passwall
  1694 | D:2      | Reached XP level 4. HP: 33/33 MP: 5/8
  1856 | D:2      | Noticed Natasha
  1864 | D:2      | Killed Natasha
  1864 | D:2      | Reached skill level 4 in Earth Magic
  2167 | D:3      | Learned a level 3 spell: Stone Arrow
  2695 | D:3      | Found an iron altar of Okawaru.
  3075 | D:4      | Found a blossoming altar of Fedhas.
  3166 | D:4      | Noticed an orc warrior
  3337 | D:4      | Noticed an ogre
  3617 | D:3      | Reached XP level 5. HP: 35/38 MP: 2/10
  3831 | D:5      | Entered Level 5 of the Dungeon
  3831 | D:5      | Noticed a slave
  3850 | D:5      | Killed a slave
  3855 | D:5      | Noticed Pikel
  3860 | D:5      | Noticed a slave
  3862 | D:5      | Noticed a slave
  3864 | D:5      | Noticed a slave
  3867 | D:5      | Slain by Pikel

Vault maps used:
D:1:      lightli_arrival_statue_moat
D:2:      lemuel_crystal_altar, uniq_natasha
D:3:      lemuel_coloured_pillars_altar, serial_glass, glass_columns_c,
          glass_columns_b, glass_columns_a, glass_columns_a, glass_columns_a,
          glass_columns_c, glass_columns_a, glass_columns_b, glass_columns_a,
          glass_columns_c, glass_columns_a, glass_columns_a, glass_columns_c,
          glass_columns_b, kennysheep_generic_room_14
D:4:      nicolae_overflow_crystal_walls, minmay_crossroads
D:5:      nicolae_qazlal_style_of_elements, kennysheep_mini_moat,
          gup_ossuary_entry_pyramid, first_bread, vehumet_altar_wand_db,
          uniq_pikel

Action                   |  1- 3 |  4- 6 || total
-------------------------+-------+-------++-------
Melee: Dagger            |    32 |    54 ||    86
Throw: Stone             |       |     1 ||     1
 Cast: Sandblast         |    57 |    79 ||   136
       Stoneskin         |     1 |     6 ||     7
  Use: Scroll            |     5 |     7 ||    12
 Stab: Sleeping          |     5 |     1 ||     6
  Eat: Chunk             |     3 |     7 ||    10
